 Dungeon Crawl Stone Soup version 0.28.0-1-gb440e238dd (webtiles) character file.

Game seed: 15852097636333731497

1478 Kaptain the Sneak (level 8, -4/54 HPs)
             Began as an Octopode Hedge Wizard on Feb 20, 2022.
             Slain by a wyvern (11 damage)
             ... on level 8 of the Dungeon.
             The game lasted 00:17:34 (6817 turns).

Kaptain the Sneak (Octopode Hedge Wizard)           Turns: 6817, Time: 00:17:35

Health: -4/54      AC:  1    Str:  9    XL:     8   Next: 79%
Magic:  8/17       EV: 14    Int: 19    God:
Gold:   150        SH:  0    Dex: 11    Spells: 7/19 levels left

rFire   . . .      SeeInvis .   s - +2 trident (venom)
rCold   + . .      Faith    .   (no shield)
rNeg    . . .      Spirit   .   b - +0 hat
rPois   .          Reflect  .   (no amulet)
rElec   .          Harm     .   p - ring of wizardry
rCorr   .          Rampage  .   d - ring of protection from cold
Will    .....                   (no ring)
Stlth   ++++......              (no ring)
HPRegen 0.18/turn               (no ring)
MPRegen 0.15/turn               (no ring)
                                (no ring)
                                (no ring)

@: no status effects
A: almost no armour, amphibious, 8 rings, camouflage 1, gelatinous body 1,
(nimble swimmer 1), tentacles
a: no special abilities


You were on level 8 of the Dungeon.
You visited 1 branch of the dungeon, and saw 7 of its levels.

You collected 150 gold pieces.

Inventory:

Hand Weapons
 f - a +0 hunting sling
 l - a +0 war axe
 m - a +5 short sword
 n - the +10 quarterstaff of Ycotuo {spect, *Rage rF+ rCorr Int+2}
   (You found it on level 3 of the Dungeon)

   When its wielder attacks, the weapon's spirit leaps out and strikes again.
   The spirit shares a part of any damage it takes with its wielder.
   Int:       It affects your intelligence (+2).
   rF:        It protects you from fire.
   *Rage:     It berserks you when you make melee attacks (+20% chance).
   rCorr:     It protects you from acid and corrosion.
 s - a +2 trident of venom (weapon)
 x - a +0 shortbow
 B - a +1 whip of electrocution
Missiles
 g - 41 sling bullets
 h - 69 arrows
 j - 143 stones
 o - 5 curare-tipped darts
 y - 6 poisoned darts
Armour
 b - a +0 hat (worn)
 C - a +0 buckler
Jewellery
 d - a ring of protection from cold (right tentacle)
 p - a ring of wizardry (left tentacle)
Wands
 i - a wand of digging (4)
Scrolls
 e - a scroll of fog
 k - 2 scrolls of torment
 t - a scroll of teleportation
 z - a scroll of brand weapon {unknown}
Potions
 a - a potion of invisibility
 c - 2 potions of might
 q - 2 potions of resistance
 r - a potion of lignification {unknown}
 u - a potion of attraction {unknown}
 v - 2 potions of haste
 w - a potion of curing


   Skills:
 + Level 3.6 Fighting
 + Level 4.3 Dodging
 + Level 6.2 Stealth
 + Level 0.6 Shields
 * Level 6.0 Spellcasting
 * Level 5.6 Conjurations
 - Level 1.0 Summonings
 - Level 1.0 Translocations


You had 7 spell levels left.
You knew the following spells:

 Your Spells              Type           Power      Damage    Failure   Level
a - Magic Dart            Conj           100%       1d8       1%          1
b - Blink                 Tloc           18%        N/A       4%          2
c - Mephitic Cloud        Conj/Pois/Air  12%        N/A       6%          3
d - Fulminant Prism       Conj/Hex       8%         3d7       14%         4
e - Searing Ray           Conj           54%        2d6       1%          2

Your spell library contained the following spells:

 Spells                   Type           Power      Damage    Failure   Level
 Pain                     Necr           20%        1d5       4%          1
 Slow                     Hex            20%        N/A       4%          1
 Call Imp                 Summ           9%         N/A       4%          2
 Conjure Flame            Conj/Fire      16%        6-21      4%          3
 Corpse Rot               Necr/Air       10%        N/A       7%          2
 Poisonous Vapours        Pois/Air       10%        N/A       7%          2
 Summon Ice Beast         Ice/Summ       7%         N/A       32%         4
 Borgnjor's Vile Clutch   Necr/Erth      2%         N/A       73%         5
 Summon Horrible Things   Summ           4%         N/A       100%        8


Dungeon Overview and Level Annotations

Branches:
Dungeon (8/15)             Temple (0/1) D:5
   Lair: D:8-11

Altars:
Dithmenos
Nemelex Xobeh
Sif Muna
Uskayaw
The Shining One


Innate Abilities, Weirdness & Mutations

You cannot wear most types of armour.
You are amphibious.
You can wear up to eight rings at the same time.
Your skin changes colour to match your surroundings (Stealth+).
Your rubbery body absorbs attacks. (AC +1, EV +1)
((You are camouflaged when in or above water. (Stealth+)))
You have tentacles for arms and can constrict up to eight enemies at once.


Message History

Press: ? - help, Dir - move target You conjure a prism of explosive energy!
A fulminant prism comes into view.
The wyvern bites you!
An orc warrior comes into view.
It is wielding a +0 scimitar and quivering boomerangs of dispersal.
Your fulminant prism crackles loudly.
Unknown command.
Casting: Fulminant Prism (dangerous; 14% risk of failure)
Confirm with . or Enter, or press ? or * to list all spells.
Aiming: Magic Dart (safe; 1% risk of failure)
Press: ? - help, Shift-Dir - straight line, f - wyvern
Aim: a wyvern (moderately wounded, ally target, 100% to hit)
The magic dart hits the wyvern but does no damage.
The wyvern is moderately wounded.
The wyvern bites you!
An orc comes into view. It is wielding a +0 club.
A howler monkey comes into view.
Your fulminant prism explodes!
The blast of energy engulfs the orc wizard!!
You kill the orc wizard!
The blast of energy engulfs the wyvern!
The wyvern is severely wounded.
The wyvern barely misses you.
You hear a shout! x3
Unknown command.
Casting: Magic Dart (safe; 1% risk of failure)
Confirm with . or Enter, or press ? or * to list all spells.
Aiming: Magic Dart (safe; 1% risk of failure)
Press: ? - help, Shift-Dir - straight line, f/p - wyvern
Aim: a wyvern (severely wounded, 100% to hit)
The magic dart hits the wyvern but does no damage.
The wyvern is severely wounded.
The howler monkey hoots and howls with incredible vigour!
The wyvern bites you!
* * * LOW HITPOINT WARNING * * *
You hear a shout!
You hear a croak.
You feel better. The wyvern bites you!
* * * LOW HITPOINT WARNING * * *
The wyvern bites you!
You die...

.........# ##.
.....##..{...<.#
##..#.......#..#....#
#...hoo..............
#....)........##....
###............##...#
..#...................##
.......l........###.#...
#.@........###.#..#
###.........#.#...#
#..............##
###...........##
#....#....### .
#.........##
..###..........#
..............##
........<....##


You could see an orc warrior, a wyvern, a howler monkey and an orc.

Vanquished Creatures
  Grinder (D:3)
  A shadow (D:8)
  Sigmund (D:3)
  A steam dragon (D:7)
  2 ogres
  A centaur (D:7)
  A kobold brigand (D:7)
  A bullfrog (D:7)
  A scorpion (D:7)
  2 howler monkeys (D:7)
  A centaur zombie (D:7)
  A hound (D:7)
  An orc priest (D:4)
  An iguana (D:5)
  3 orc wizards
  3 gnolls (D:7)
  3 adders
  3 dart slugs
  13 orcs
  8 ball pythons
  4 bats
  5 endoplasms
  2 giant cockroaches
  5 goblins
  4 hobgoblins (D:2)
  6 jackals
  3 quokkas
  3 frilled lizards
  11 kobolds
  7 rats
99 creatures vanquished.

Vanquished Creatures (others)
  2 fulminant prisms (D:8)
2 creatures vanquished.

Grand Total: 101 creatures vanquished

Notes
Turn   | Place    | Note
-------+----------+-------------------------------------------
     0 | D:1      | Kaptain the Octopode Hedge Wizard began the quest for the
                  | Orb.
     0 | D:1      | Reached XP level 1. HP: 11/11 MP: 4/4
   274 | D:1      | Reached XP level 2. HP: 17/17 MP: 1/6
   852 | D:1      | Found a faded altar of an unknown god.
   994 | D:2      | Reached XP level 3. HP: 17/22 MP: 0/7
   998 | D:2      | Learned a level 2 spell: Blink
  2180 | D:2      | Reached skill level 1 in Fighting
  2407 | D:2      | Noticed an ogre
  2420 | D:2      | Learned a level 3 spell: Mephitic Cloud
  2637 | D:2      | Killed an ogre
  2638 | D:2      | Reached XP level 4. HP: 28/28 MP: 3/9
  2638 | D:2      | Reached XP level 5. HP: 33/33 MP: 3/10
  2760 | D:3      | Noticed Sigmund
  2910 | D:3      | Identified the +10 quarterstaff of Ycotuo {spect, *Rage rF+
                  | rCorr Int+2}
  3354 | D:3      | Noticed Grinder
  3358 | D:3      | Paralysed by Grinder for 6 turns
  3366 | D:3      | Killed Grinder
  3367 | D:3      | Reached XP level 6. HP: 36/39 MP: 10/12
  3507 | D:3      | Found a sparkling altar of Nemelex Xobeh.
  4127 | D:3      | Killed Sigmund
  4128 | D:3      | Reached XP level 7. HP: 45/45 MP: 7/14
  4428 | D:4      | Noticed a +0 dagger
  4428 | D:4      | Noticed a +0 dagger
  4445 | D:4      | Found a hide-covered altar of Uskayaw.
  4909 | D:4      | Learned a level 4 spell: Fulminant Prism
  5297 | D:5      | Entered Level 5 of the Dungeon
  5377 | D:5      | Reached skill level 5 in Stealth
  5450 | D:5      | Found a glowing golden altar of the Shining One.
  5482 | D:5      | Found a staircase to the Ecumenical Temple.
  5494 | D:5      | You fall into a shaft and drop 2 floors!
  5499 | D:7      | Reached skill level 5 in Spellcasting
  5840 | D:7      | Got the Catalogue of Evil Calling
  5899 | D:7      | Reached XP level 8. HP: 45/52 MP: 9/15
  6223 | D:7      | Reached skill level 5 in Conjurations
  6559 | D:7      | Found a shimmering blue altar of Sif Muna.
  6559 | D:7      | Found a shadowy altar of Dithmenos.
  6714 | D:8      | Noticed a shadow
  6731 | D:7      | Learned a level 2 spell: Searing Ray
  6738 | D:8      | Killed a shadow
  6809 | D:8      | Noticed a wyvern
  6817 | D:8      | Slain by a wyvern

Illustrated notes

Levels and vault maps discovered:
D:1:      dpeg_arrival_rooms_c, layout_basic, serial_glass, glass_columns_a,
          glass_columns_c, glass_columns_a, glass_columns_a, glass_columns_c,
          glass_columns_b, shapermc_ecumenical_altar_petra
D:2:      layout_basic, solitary_fountain
D:3:      layout_loops_ring, lemuel_doored_altar, uniq_grinder, uniq_sigmund
D:4:      layout_basic, dancing_weapons_uskayaw
D:5:      layout_basic, tso_altar, minmay_temple_entry_statues_pillars
D:7:      layout_loops_cross, gammafunk_temple_overflow_elements
D:8:      layout_cave_pools, minitemple

Skill      XL: |  1  2  3  4  5  6  7  8 |
---------------+-------------------------+-----
Stealth        | 3 4 5 6 |  6.2
Conjurations   | 2 3 4 5 |  5.6
Fighting       | 1 2 3 |  3.6
Spellcasting   | 4 5 6 |  6.0
Dodging        | 3 4 |  4.3
Shields        | |  0.6
Summonings     | |  1.0
Translocations | |  1.0

Action                   |  1- 3 |  4- 6 |  7- 9 || total
-------------------------+-------+-------+-------++-------
Melee: Dagger            |    17 |       |       ||    17
       Constrict         |     9 |     5 |     8 ||    22
       Tentacles         |     5 |     4 |     7 ||    16
       Short sword       |    15 |       |       ||    15
       Punch             |     1 |     1 |       ||     2
       Quarterstaff      |       |    14 |    29 ||    43
 Cast: Magic Dart        |    84 |    50 |    55 ||   189
       Mephitic Cloud    |       |     1 |     1 ||     2
       Fulminant Prism   |       |       |     2 ||     2
       Searing Ray       |       |       |     2 ||     2
  Use: Scroll            |     1 |     1 |     8 ||    10
       Potion            |       |       |     1 ||     1
 Stab: Sleeping          |     1 |       |     2 ||     3
Armor: Skin              |     4 |       |     2 ||     6
Dodge: Dodged            |    22 |    11 |    25 ||    58
